 Dungeon Sprint DCSS version 0.23.0-2-g0fe3ce5905 (webtiles) character file.

Game seed: 4961878346253478373

19618 Quolop the Peltast (level 12, -8/122 HPs)
             Began as a Minotaur Fighter on Feb 20, 2019.
             Was the Champion of Makhleb.
             Mangled by a stone giant (18 damage)
             ... in the Dungeon (Sprint IX: "|||||||||||||||||||||||||||||").
             The game lasted 00:08:52 (1931 turns).

Quolop the Peltast (Minotaur Fighter)               Turns: 1931, Time: 00:08:53

Health: -8/122     AC: 25    Str: 24    XL:     12   Next: 38%
Magic:  0/14       EV: 14    Int:  1    God:    Makhleb [******]
Gold:   594        SH:  0    Dex: 14    Spells: 11/11 levels left

rFire    + . .     SeeInvis .   v - +5 great sword of Oxkab {slice, rF+ Int-4 Dex+2}
rCold    . . .     Gourm    .   (shield currently unavailable)
rNeg     . . .     Faith    .   K - +3 chain mail
rPois    .         Spirit   +   (helmet restricted)
rElec    .         Reflect  .   F - scarf {Spirit}
rCorr    .         Harm     .   t - +0 pair of gloves
MR       .....     NoTele   +   q - +2 pair of boots of the Assassin {Detection Stab+ Stlth++}
Stlth    ++........             (no amulet)
HPRegen  0.30/turn              r - +2 ring of protection
MPRegen  0.14/turn              s - +2 ring of evasion

@: no status effects
A: retaliatory headbutt, horns 2
a: Minor Destruction, Lesser Servant of Makhleb, Major Destruction, Greater
Servant of Makhleb, Renounce Religion


You were in the Dungeon.
You worshipped Makhleb.
Makhleb was exalted by your worship.
You were hungry.

You visited 1 branch You collected 1900 gold pieces.
You spent 1306 gold pieces at shops.

Inventory:

Hand Weapons
 a - a +0 long sword
 p - a +2 scimitar of freezing
 v - the +5 great sword of Oxkab (weapon) {slice, rF+ Int-4 Dex+2}
   (You found it in the Dungeon)

   It inflicts extra damage upon your enemies.
   It affects your intelligence (-4).
   It affects your dexterity (+2).
   It protects you from fire.
Armour
 c - a +0 shield
 q - the +2 pair of boots of the Assassin (worn) {Detection Stab+ Stlth++}
   (You bought it in a shop in the Dungeon)

   It makes you much more stealthy.
 t - a +0 pair of gloves (worn)
 B - a +0 cloak
 C - a +0 pair of boots
 E - a +0 plate armour of poison resistance
 F - a scarf of spirit shield (worn)
 G - a +0 pair of boots of running
 J - a +1 large shield
 K - a +3 chain mail (worn)
Jewellery
 r - a +2 ring of protection (left hand)
 s - a +2 ring of evasion (right hand)
 A - an uncursed ring of protection from cold
 H - an uncursed ring of ice
 I - an uncursed ring of protection from magic
Wands
 o - a wand of acid (4)
 D - a wand of digging (6)
Scrolls
 k - 3 scrolls of blinking
 m - 5 scrolls of remove curse
 n - 2 scrolls of amnesia
 w - a scroll of identify
 x - 3 scrolls of fear
 y - a scroll of fog
 z - 4 scrolls of enchant armour
Potions
 b - 2 potions of brilliance
 d - 2 potions of might
 e - 6 potions of curing
 g - 11 potions of heal wounds
 h - a potion of haste
 i - 4 potions of magic
 j - 2 potions of berserk rage
 l - a potion of invisibility
 u - a potion of agility
Comestibles
 f - 13 rations


   Skills:
 + Level 16.1 Fighting
 + Level 16.0 Long Blades
 * Level 19.4 Armour
 + Level 5.4 Dodging
 * Level 4.3 Stealth
 - Level 19.6 Shields
 + Level 4.0 Evocations


You had 11 spell levels left.
You didn't know any spells.
Your spell library was empty.

Dungeon Overview and Level Annotations

Branches:
Dungeon (1/1)

Altars:
Cheibriados
Dithmenos
Elyvilon
Fedhas
Gozag
Hepliaklqana
Kikubaaqudgha
Makhleb
Nemelex Xobeh
Okawaru
Qazlal
Ru
Sif Muna
Trog
Uskayaw
Vehumet
Wu Jian
Xom
Yredelemnul
Zin
The Shining One
Beogh
Jiyva
Lugonu

Shops:
D (%[*


Innate Abilities, Weirdness & Mutations

You reflexively headbutt those who attack you in melee.
You have a pair of horns on your head.


Message History

You kill the fire giant!
Makhleb accepts your kill.
You feel better.
Your Fighting skill increases to level 16!
Your Long Blades skill increases to level 16!
Your Stealth skill increases to level 4!
The stone giant throws a large rock.
The large rock misses you. The stone giant hits you!
* * * LOW HITPOINT WARNING * * *
Things that are here:
a +1 great sword of flaming; a fire giant corpse You slash the stone giant!
The stone giant is lightly wounded.
The stone giant hits you!!
* * * LOW HITPOINT WARNING * * *
You hit the stone giant but do no damage.
You headbutt the stone giant, but do no damage.
The stone giant is lightly wounded.
The stone giant hits you!!
You die...

▓'▓.▓÷▓.▓)▓.▓.▓
▓.▓.▓.▓.▓.▓.▓†▓
{
▓.▓.▓.▓.▓)▓.▓(▓
{
▓|▓.▓.▓.▓.▓.▓.▓
{
▓)▓.▓.▓.▓.▓.▓.▓
▓[▓.▓.▓.▓∩▓.▓)▓
{
▓[▓.▓.▓.▓.▓.▓†▓
{
▓.▓.▓.▓.▓∩▓.▓(▓
{
▓.▓.▓.▓.▓.▓.▓@▓
{
▓.▓.▓.▓.▓∩▓.▓C▓
{
▓'▓.▓[▓.▓)▓.▓.▓
{
▓.▓.▓.▓.▓∩▓.▓.▓
{
▓.▓.▓.▓.▓.▓.▓.▓
{
▓.▓.▓'▓.▓.▓.▓.▓
▓.▓.▓.▓.▓.▓.▓.▓
▓.▓.▓.▓.▓.▓.▓.▓{
▓.▓.▓.▓.▓.▓.▓{ {


You could see a stone giant.

Vanquished Creatures
  A fire giant (D)
  A very ugly thing (D)
  A stone giant (D)
  5 ogre magi (D)
  A hydra (D)
  An orc high priest (D)
  An iron troll (D)
  2 deep trolls (D)
  An orc knight (D)
  An ugly thing (D)
  8 elephants (D)
  A spiny frog (D)
  A komodo dragon (D)
  A yaktaur (D)
  6 trolls (D)
  A queen bee (shapeshifter) (D)
  2 hornets (D)
  2 hippogriffs (D)
  A slime creature (D)
  2 yaks (D)
  Eustachio (D)
  Grum (D)
  An acid dragon (D)
  A porcupine (D)
  4 water moccasins (D)
  12 orc warriors (D)
  A sky beast (D)
  An eye of draining (D)
  3 wolves (D)
  A crocodile (D)
  5 bullfrogs (D)
  A scorpion (D)
  A killer bee (D)
  3 jellies (D)
  An orc wizard (D)
  3 orc priests (D)
  A hell rat (D)
  A shadow imp (D)
  An ooze (D)
  A leopard gecko (D)
  10 orcs (D)
  A bat (D)
  A bat zombie (D)
  A giant cockroach (D)
  A hobgoblin (D)
  A jackal (D)
  A kobold (D)
  A quokka (D)
  A ball python zombie (D)
  A bat simulacrum (D)
  A jackal zombie (D)
  A rat (D)
105 creatures vanquished.

Notes
Turn   | Place    | Note
-------+----------+-------------------------------------------
     0 | D        | Quolop the Minotaur Fighter began the quest for the Orb.
     0 | D        | Reached XP level 1. HP: 19/19 MP: 0/0
   235 | D        | Noticed a jelly
   236 | D        | Reached XP level 2. HP: 27/27 MP: 1/1
   239 | D        | Reached skill level 5 in Armour
   239 | D        | Reached skill level 5 in Shields
   239 | D        | Reached XP level 3. HP: 25/34 MP: 2/2
   351 | D        | Found a roughly hewn altar of Beogh.
   351 | D        | Found a snail-covered altar of Cheibriados.
   351 | D        | Found a shadowy altar of Dithmenos.
   351 | D        | Found a white marble altar of Elyvilon.
   351 | D        | Found a blossoming altar of Fedhas.
   351 | D        | Found an opulent altar of Gozag.
   352 | D        | Found a hazy altar of Hepliaklqana.
   353 | D        | Found a viscous altar of Jiyva.
   354 | D        | Found an ancient bone altar of Kikubaaqudgha.
   355 | D        | Found a corrupted altar of Lugonu.
   356 | D        | Found a burning altar of Makhleb.
   357 | D        | Found a sparkling altar of Nemelex Xobeh.
   358 | D        | Found an iron altar of Okawaru.
   359 | D        | Found a stormy altar of Qazlal.
   360 | D        | Found a sacrificial altar of Ru.
   361 | D        | Found a deep blue altar of Sif Muna.
   362 | D        | Found a bloodstained altar of Trog.
   363 | D        | Found a hide-covered altar of Uskayaw.
   364 | D        | Found a radiant altar of Vehumet.
   365 | D        | Found an ornate altar of the Wu Jian Council.
   366 | D        | Found a shimmering altar of Xom.
   367 | D        | Found a basalt altar of Yredelemnul.
   368 | D        | Found a glowing silver altar of Zin.
   369 | D        | Found a glowing golden altar of the Shining One.
   384 | D        | Became a worshipper of Makhleb the Destroyer
   446 | D        | Noticed a sky beast
   446 | D        | Noticed a hornet
   446 | D        | Noticed an eye of draining
   448 | D        | Reached skill level 5 in Fighting
   448 | D        | Reached XP level 4. HP: 36/42 MP: 3/3
   451 | D        | Killed a sky beast
   451 | D        | Reached skill level 1 in Dodging
   451 | D        | Reached XP level 5. HP: 43/50 MP: 0/4
   452 | D        | Paralysed by a hornet for 1 turns
   453 | D        | Reached * piety under Makhleb
   454 | D        | Killed a hornet
   454 | D        | Reached XP level 6. HP: 40/58 MP: 0/5
   461 | D        | Reached ** piety under Makhleb
   461 | D        | Reached skill level 10 in Armour
   653 | D        | Noticed a troll
   661 | D        | Reached skill level 10 in Long Blades
   661 | D        | Reached XP level 7. HP: 66/66 MP: 6/6
   663 | D        | Reached skill level 10 in Shields
   667 | D        | Killed a troll
   667 | D        | Reached *** piety under Makhleb
   822 | D        | Got the +5 great sword of Oxkab {slice, rF+ Int-4 Dex+2}
   835 | D        | Noticed a hippogriff
   835 | D        | Noticed a hippogriff
   837 | D        | Noticed a komodo dragon
   839 | D        | Killed a hippogriff
   839 | D        | Reached skill level 1 in Evocations
   843 | D        | Killed a hippogriff
   843 | D        | Reached **** piety under Makhleb
   843 | D        | Reached XP level 8. HP: 74/74 MP: 7/7
   843 | D        | Noticed a four-headed hydra
   864 | D        | Reached ***** piety under Makhleb
   867 | D        | Killed a komodo dragon
   872 | D        | Killed an eight-headed hydra
   872 | D        | Reached XP level 9. HP: 82/82 MP: 9/9
   883 | D        | Noticed a spiny frog
   893 | D        | Killed a spiny frog
   904 | D        | Reached ****** piety under Makhleb
   921 | D        | Noticed an elephant
   921 | D        | Noticed an elephant
   921 | D        | Noticed an elephant
   921 | D        | Noticed an elephant
   921 | D        | Noticed an elephant
   921 | D        | Noticed an elephant
   929 | D        | Killed an elephant
   929 | D        | Reached skill level 15 in Armour
   929 | D        | Reached XP level 10. HP: 91/91 MP: 11/11
   935 | D        | Killed an elephant
   941 | D        | Killed an elephant
   947 | D        | Noticed an elephant
   948 | D        | Killed an elephant
   948 | D        | Reached skill level 15 in Shields
   956 | D        | Killed an elephant
   956 | D        | Reached skill level 10 in Fighting
   959 | D        | Killed an elephant
   962 | D        | Noticed an elephant
   966 | D        | Killed an elephant
   975 | D        | Killed an elephant
  1037 | D        | Noticed Eustachio
  1060 | D        | Killed Eustachio
  1089 | D        | Noticed Grum
  1101 | D        | Killed Grum
  1158 | D        | Noticed an orc knight
  1186 | D        | Killed an orc knight
  1261 | D        | Noticed an orc high priest
  1274 | D        | Reached XP level 11. HP: 99/102 MP: 13/13
  1286 | D        | Killed an orc high priest
  1373 | D        | Found Vonidd's Weapon Emporium.
  1373 | D        | Noticed an ogre mage
  1373 | D        | Noticed a deep troll
  1373 | D        | Noticed an ogre mage
  1373 | D        | Noticed a deep troll
  1376 | D        | Killed an ogre mage
  1377 | D        | Found Imosirch's Food Shoppe.
  1379 | D        | Killed a deep troll
  1379 | D        | Noticed an ogre mage
  1391 | D        | Killed an ogre mage
  1399 | D        | Killed a deep troll
  1414 | D        | Killed an ogre mage
  1429 | D        | Found Moikig's Armour Emporium.
  1433 | D        | Found Fipnisyl's General Store.
  1444 | D        | Noticed an ogre mage
  1446 | D        | Noticed an iron troll
  1447 | D        | Noticed an ogre mage
  1456 | D        | Killed an ogre mage
  1479 | D        | Killed an iron troll
  1484 | D        | Killed an ogre mage
  1484 | D        | Reached skill level 15 in Fighting
  1565 | D        | Bought the +2 pair of boots of the Assassin {Detection
                  | Stab+ Stlth++} for 780 gold pieces
  1565 | D        | Found the +2 pair of boots of the Assassin {Detection Stab+
                  | Stlth++}
  1565 | D        | Bought a scarf of spirit shield for 117 gold pieces
  1565 | D        | Bought a +0 pair of boots of running for 409 gold pieces
  1875 | D        | Reached XP level 12. HP: 121/121 MP: 14/14
  1883 | D        | Noticed a green very ugly thing
  1886 | D        | Reached skill level 1 in Stealth
  1886 | D        | Noticed a stone giant
  1887 | D        | Noticed a fire giant
  1889 | D        | Noticed a stone giant
  1890 | D        | Reached skill level 5 in Dodging
  1901 | D        | Killed a brown very ugly thing
  1901 | D        | Reached skill level 15 in Long Blades
  1917 | D        | Killed a stone giant
  1928 | D        | Killed a fire giant
  1931 | D        | Mangled by a stone giant

Skill      XL: |  1  2  3  4  5  6  7  8  9 10 11 12 |
---------------+-------------------------------------+-----
Armour         | 4 5 6 8 9 10 11 13 15 17 18 19 | 19.4
Shields        | 4 5 6 7 9 11 12 14 17 19 | 19.6
Fighting       | 4 5 6 7 8 9 11 15 16 | 16.1
Long Blades    | 3 4 6 9 10 12 14 16 | 16.0
Dodging        | 1 2 3 4 5 |  5.4
Evocations     | 1 2 3 4 |  4.0
Stealth        | 4 |  4.3

Action                   |  1- 3 |  4- 6 |  7- 9 | 10-12 || total
-------------------------+-------+-------+-------+-------++-------
Melee: Long sword        |    25 |       |       |       ||    25
       Headbutt          |     2 |     1 |    22 |    92 ||   117
       Scimitar          |     2 |    18 |    76 |   252 ||   348
       Great sword       |       |       |       |    55 ||    55
Evoke: Wand              |       |     2 |     4 |       ||     6
  Eat: Chunk             |       |       |       |     3 ||     3
Armor: Scale mail        |    10 |       |       |       ||    10
       Plate armour      |     1 |     4 |    29 |    65 ||    99
       Chain mail        |       |       |       |    12 ||    12
Dodge: Dodged            |     5 |     1 |    15 |    70 ||    91
Block: Shield            |    14 |     6 |    27 |   127 ||   174
       Rpst.: Long sword |     1 |       |       |       ||     1
       Scimitar          |       |     1 |     3 |    10 ||    14
       Great sword       |       |       |       |     4 ||     4
